Map: Ley Lines

Players

ShoWTimE - Winner!

  • Race: Protoss Protoss
  • League: Grandmaster
  • Spawn Location: 1:00

Zoun

  • Race: Protoss Protoss
  • League: Master
  • Spawn Location: 7:00

Event: HomeStory Cup XXVII

VOD

Have the link to the VOD?

Description

Time

  • Played on: June 29, 2025, 12:38 p.m.
  • Length: 4:24

All games in this series

Show
View Real Time Build Order
Export as new Build Order

ShoWTimE Protoss - Winner!

Build Orders: Oracle Opening 

Get SALT Encoding   

  12  0:00  Probe  
  13  0:12  Probe  
  14  0:16  Pylon  
  14  0:23  Probe  
  15  0:31  Probe  
  16  0:35  Gateway  
  16  0:39  Probe  
  16  0:45  Assimilator  
  17  0:50  Probe  
  18  1:03  Probe  
  19  1:08  Forge  
  19  1:12  Pylon  
  19  1:15  Probe  
  19  1:17  Zealot  
  22  1:42  Photon Cannon  
  22  1:44  Photon Cannon  
  22  1:52  Cybernetics Core  
  22  1:59  Pylon  
  22  2:10  Pylon  
  22  2:18  Photon Cannon  
  22  2:31  Stargate  
  22  2:37  Assimilator  
  22  2:43  Pylon  
  20  2:47  Pylon  
  20  2:54  Probe  
  21  3:05  Photon Cannon  
  21  3:11  Shield Battery  
  21  3:12  Oracle  
  23  3:33  Photon Cannon  
  23  3:38  Shield Battery  
  27  4:09  Photon Cannon  
  27  4:20  Shield Battery  
Show
View Real Time Build Order
Export as new Build Order

Zoun Protoss 

Build Orders: Cannon Rush 

Get SALT Encoding   

  1  0:00  Probe  
  12  0:05  Probe  
  14  0:16  Pylon  
  14  0:21  Probe  
  15  0:35  Forge  
  15  0:36  Probe  
  16  0:58  Pylon  
  16  1:02  Pylon  
  16  1:15  Pylon  
  16  1:21  Photon Cannon x2  
  16  1:39  Probe  
  16  1:45  Gateway  
  16  1:50  Photon Cannon  
  16  1:53  Probe  
  17  2:09  Photon Cannon  
  17  2:12  Photon Cannon  
  17  2:14  Pylon  
  17  2:24  Photon Cannon  
  17  2:27  Photon Cannon  
  17  2:30  Photon Cannon  
  17  2:38  Photon Cannon  
  17  2:43  Photon Cannon  
  17  2:54  Photon Cannon  
  17  2:58  Photon Cannon  
  17  3:09  Photon Cannon  
  17  3:12  Photon Cannon  
  16  3:21  Photon Cannon  
  16  3:28  Photon Cannon  
  16  3:38  Probe  
  17  3:42  Photon Cannon  
  17  3:47  Photon Cannon  
  17  3:53  Probe  
  13  4:05  Probe  
Tags
 
Add a new tag
Caveats
  • Supply blocks, unpowered buildings, or Contaminate may cause inaccurate times.
  • Supply counts are checked every 10 seconds.